 Dungeon Crawl Stone Soup version 0.22.1-1-ga44c0e5 (webtiles) character file.

54 inc the Scratcher (level 3, -1/17 HPs)
             Began as a Felid Monk on Oct 30, 2018.
             Slain by a goblin
             ... wielding a +0 club
             ... led by Robin
              (4 damage)
             ... on level 2 of the Dungeon.
             The game lasted 00:01:26 (1558 turns).

inc the Scratcher (Felid Monk)                      Turns: 1558, Time: 00:01:27

Health: -1/17      AC:  1    Str:  7    XL:     3   Next: 66%
Magic:  4/4        EV: 20    Int: 11    God:
Gold:   47         SH:  0    Dex: 19    Spells: 2/2 levels left
                                        Lives:  0   Deaths: 0

rFire    . . .     SeeInvis +     - Unarmed
rCold    . . .     Gourm    .   (shield unavailable)
rNeg     . . .     Faith    .   (armour unavailable)
rPois    .         Spirit   .   (helmet unavailable)
rElec    .         Reflect  .   (cloak unavailable)
rCorr    .         Harm     .   (gloves unavailable)
MR       .....                  (boots unavailable)
Stlth    +++.......             (no amulet)
HPRegen  0.05/turn              (no ring)
MPRegen  0.09/turn              (no ring)

@: quick
A: very small, no armour, no weapons or thrown items, stealth, claws 1, fangs 3,
see invisible, carnivore, speed 1, shaggy fur 1, slow metabolism 1, sharp paws
a: no special abilities


You were on level 2 of the Dungeon.
You were not hungry.

You visited 1 branch of the dungeon, and saw 2 of its levels.

You collected 47 gold pieces.

Inventory:

Jewellery
 b - an uncursed ring of see invisible {unknown}
 c - an uncursed ring of poison resistance {unknown}
 j - an uncursed ring of protection from cold {unknown}
Scrolls
 d - a scroll of fear {unknown}
 e - a scroll of enchant armour {unknown}
 h - a scroll of teleportation {unknown}
 i - a scroll of identify {unknown}
 k - a scroll of magic mapping {unknown}
Potions
 f - a potion of curing {unknown}
 g - a potion of ambrosia {unknown}
Comestibles
 a - 4 rations


   Skills:
 - Level 3.0 Fighting
 - Level 4.0 Dodging
 - Level 2.6 Stealth
 + Level 4.7 Unarmed Combat


You had 2 spell levels left.
You didn't know any spells.
Your spell library was empty.

Dungeon Overview and Level Annotations

Branches:
Dungeon (2/15)

Altars:
Ashenzari

Annotations:
D:2 Robin


Innate Abilities, Weirdness & Mutations

You cannot wear armour.
You are incapable of wielding weapons or throwing items.
Your paws allow you to move quietly. (Stealth)
You have sharp claws.
You have razor-sharp teeth.
You have supernaturally acute eyesight. (SInv)
You are carnivorous and can eat meat at any time.
You cover ground quickly.
You are covered in fur. (AC +1)
You have a slow metabolism.
Your sharp claws are effective at attacking unaware monsters.


Message History

You scratch the worm but do no damage.
The worm is lightly wounded.
You scratch the worm.
The worm is moderately wounded.
The worm closely misses you.
You scratch the worm.
The worm is moderately wounded.
The worm misses you.
You barely miss the worm.
The worm is moderately wounded.
You claw the worm!
The worm is severely wounded.
The goblin completely misses you. The worm completely misses you.
You scratch the worm.
The worm is almost dead.
The goblin completely misses you.
You scratch the worm.
You kill the worm!
The goblin hits you with a club.
You die...

#.# #.#
#.#.#.......##.## #g#
#g###.#.#..........##
#.#
#g#.).#.#...###.#####
#g# #)#.###.#.....#.#
# g #g#
#.#.#....<......# #
g##.#
#.#.#############
g.#.#
#.#.............#
#g#)#
#.#############.#
#g#.#
#.gg@รท........#.#
#g#)#
#############.#.#
#.#.# #.#.##### #...#
#.#...... ##..#
#.####### #..# #.#
##># #.######w#######
..# #....w...#......
#.#
!..[...#####.#####


You could see a hobgoblin and a goblin.

Vanquished Creatures
  A hound skeleton (D:2)
  A worm (D:2)
  3 dart slugs (D:1)
  3 giant cockroaches (D:1)
  12 goblins
  3 hobgoblins
  2 kobolds (D:1)
  2 ball pythons (D:1)
  2 bats (D:1)
  A frilled lizard (D:2)
  2 rats
32 creatures vanquished.

Notes
Turn   | Place    | Note
-------+----------+-------------------------------------------
     0 | D:1      | inc the Felid Monk began the quest for the Orb.
     0 | D:1      | Reached XP level 1. HP: 10/10 MP: 2/2
   144 | D:1      | Reached XP level 2. HP: 12/14 MP: 3/3
   884 | D:2      | Reached XP level 3. HP: 13/17 MP: 4/4
   959 | D:2      | Found a shattered altar of Ashenzari.
  1495 | D:2      | Noticed Robin
  1558 | D:2      | Slain by a goblin

Skill      XL: |  1  2 |
---------------+-------+-----
Unarmed Combat | 4 |  4.7
Fighting       | |  3.0
Dodging        | |  4.0
Stealth        | |  2.6

Action                   || total
-------------------------++-------
Melee: Unarmed           ||    82
       Bite              ||     9
       Punch             ||     2
 Stab: Sleeping          ||     6
Armor: Skin              ||     3
Dodge: Dodged            ||    54
